 Dungeon Crawl Stone Soup version 0.28.0 (webtiles) character file.

Game seed: 11779600338170632579

22 browni3141 the Chopper (level 2, -1/27 HPs)
             Began as a Minotaur Berserker on Feb 15, 2022.
             Was a Follower of Trog.
             Slain by Terence (9 damage)
             ... on level 2 of the Dungeon.
             The game lasted 00:00:23 (654 turns).

browni3141 the Chopper (Minotaur Berserker)          Turns: 654, Time: 00:00:23

Health: -1/27      AC:  3    Str: 21    XL:     2   Next: 68%
Magic:  1/1        EV: 12    Int:  4    God:    Trog [*.....]
Gold:   34         SH:  0    Dex:  9    Spells: 1/1 levels left

rFire   . . .      SeeInvis .   a - +0 hand axe
rCold   . . .      Faith    .   (no shield)
rNeg    . . .      Spirit   .   b - +0 animal skin
rPois   .          Reflect  .   (helmet restricted)
rElec   .          Harm     .   (no cloak)
rCorr   .          Rampage  .   (no gloves)
Will    .....                   f - +0 pair of boots
Stlth   +.........              (no amulet)
HPRegen 0.09/turn               (no ring)
MPRegen 0.07/turn               (no ring)

@: no status effects
A: horns 2, retaliatory headbutt
a: Renounce Religion, Berserk


You were on level 2 of the Dungeon.
You worshipped Trog.
Trog was aware of your devotion.
You visited 1 branch of the dungeon, and saw 2 of its levels.

You collected 34 gold pieces.

Inventory:

Hand Weapons
 a - a +0 hand axe (weapon)
Missiles
 c - a throwing net (quivered)
Armour
 b - a +0 animal skin (worn)
 f - a +0 pair of boots (worn)
Scrolls
 d - a scroll of blinking {unknown}
 e - a scroll of enchant weapon {unknown}
 h - a scroll of immolation {unknown}
 i - a scroll of identify {unknown}
Potions
 g - a potion of attraction {unknown}


   Skills:
 + Level 4.0 Fighting
 + Level 4.0 Axes
 + Level 2.9 Armour
 + Level 2.5 Dodging


You had one spell level left.
You didn't know any spells.
Your spell library was empty.

Dungeon Overview and Level Annotations

Branches:
Dungeon (2/15)

Altars:

Annotations:
D:2 Terence


Innate Abilities, Weirdness & Mutations

You have a pair of horns on your head.
You reflexively headbutt those who attack you in melee.


Message History

An endoplasm is nearby!
The helpless endoplasm fails to defend itself.
You hit the endoplasm.
You headbutt the endoplasm, but do no damage.
The endoplasm is moderately wounded.
The endoplasm barely misses you.
You completely miss the endoplasm. You headbutt the endoplasm.
You kill the endoplasm!
Trog accepts your kill.
Your Fighting skill increases to level 4!
Done exploring.
No target in view!
Done exploring.
Done exploring.
No target in view!
There is an open door here.
There is an escape hatch in the floor here.
You slide downwards.
The hatch slams shut behind you.
Found a stone staircase leading up.
Found a stone staircase leading down.
Found 23 bolts.
Terence the Incautious comes into view.
He is wielding a +6 hand axe of freezing.
Terence is nearby!
Terence is nearby!
You see here 23 bolts.
Terence barely misses you.
You hit Terence.
Terence is lightly wounded.
Terence hits you with a +6 hand axe of freezing!
Terence freezes you.
You hit Terence but do no damage. Your headbutt misses Terence.
Terence is lightly wounded.
Terence hits you with a +6 hand axe of freezing.
Terence freezes you.
* * * LOW HITPOINT WARNING * * *
You are too injured to fight recklessly!
You barely miss Terence.
Terence is lightly wounded.
Terence hits you with a +6 hand axe of freezing!
You die...

##.### #.#
#...######..
####.....###.
#.........###
#.......#..##
##.>.....##.##
#..#####......
###########.##
#####..
#.....@@(...#
#<..
..###########
#... #... ####


You could see Terence.

Vanquished Creatures
  2 ball pythons (D:1)
  4 endoplasms (D:1)
  A giant cockroach (D:1)
  2 goblins (D:1)
  A hobgoblin (D:1)
  4 bats (D:1)
  3 frilled lizards (D:1)
  A kobold (D:1)
  4 rats (D:1)
22 creatures vanquished.

Notes
Turn   | Place    | Note
-------+----------+-------------------------------------------
     0 | D:1      | browni3141 the Minotaur Berserker began the quest for the
                  | Orb.
     0 | D:1      | Reached XP level 1. HP: 19/19 MP: 0/0
   215 | D:1      | Reached XP level 2. HP: 27/27 MP: 1/1
   409 | D:1      | Found a faded altar of an unknown god.
   648 | D:2      | Noticed Terence
   654 | D:2      | Slain by Terence

Illustrated notes

Levels and vault maps discovered:
D:1:      mushboom_english_gardens, layout_basic, serial_corexii_hall,
          corexii_hall_statues_x, corexii_hall_statues_l,
          hellmonk_ecumenical_altar_heavens_door, minmay_pentomino_u2
D:2:      layout_rooms, chequers_avenue, minmay_lizard_pond, uniq_terence

Skill      XL: |  1  2 |
---------------+-------+-----
Axes           | 4 |  4.0
Fighting       | 4 |  4.0
Armour         | |  2.9
Dodging        | |  2.5

Action                   || total
-------------------------++-------
Melee: Hand axe          ||    46
       Headbutt          ||     6
       Punch             ||     1
 Stab: Sleeping          ||     1
Armor: Animal skin       ||    17
Dodge: Dodged            ||    35
